 Dungeon Crawl Stone Soup version 0.28-a0-1286-g6bde065e89 (webtiles) character file.

Game seed: 3497299391667119878

718 browni3141 the Basher (level 8, 0/56 HPs)
             Began as a Formicid Gladiator on Dec 27, 2021.
             Asphyxiated
             ... on level 9 of the Dungeon.
             The game lasted 00:04:54 (3224 turns).

browni3141 the Basher (Formicid Gladiator)          Turns: 3224, Time: 00:04:56

Health: 0/56       AC:  7    Str: 21    XL:     8   Next: 1%
Magic:  8/8        EV: 11    Int:  8    God:
Gold:   103        SH:  0    Dex: 12    Spells: 7/7 levels left

rFire   . . .      SeeInvis +   a - +0 flail
rCold   + . .      Faith    .   (no shield)
rNeg    . . .      Spirit   .   g - +2 ring mail {rC+}
rPois   .          Reflect  .   (helmet unavailable)
rElec   .          Harm     .   (no cloak)
rCorr   .          Rampage  .   (no gloves)
Will    .....                   (no boots)
Stlth   +.........              (no amulet)
HPRegen 0.18/turn               h - +4 ring of slaying
MPRegen 0.11/turn               (no ring)

@: lethally poisoned (0 -> -3)
A: permanent stasis, dig shafts and tunnels, antennae 3, four strong arms
a: Dig, Shaft Self


You were on level 9 of the Dungeon.
You visited 1 branch of the dungeon, and saw 5 of its levels.

You collected 103 gold pieces.

Inventory:

Hand Weapons
 a - a +0 flail (weapon)
 b - a +0 hunting sling
Missiles
 c - 3 throwing nets (quivered)
 e - 110 stones
 n - 20 bolts
Armour
 f - a +0 leather armour
 g - a +2 ring mail of cold resistance (worn)
 s - a +2 pair of gloves
Jewellery
 h - a +4 ring of slaying (left hand)
Scrolls
 d - a scroll of amnesia {unknown}
 i - a scroll of identify {unknown}
 j - a scroll of teleportation {unknown}
 k - a scroll of fog {unknown}
 l - a scroll of blinking {unknown}
 m - a scroll of vulnerability {unknown}
 p - a scroll of enchant armour {unknown}
 q - a scroll of silence {unknown}
Potions
 o - a potion of might {unknown}
 r - 3 potions of curing {unknown}


   Skills:
 - Level 2.1 Fighting
 * Level 8.8 Maces & Flails
 - Level 2.0 Throwing
 - Level 2.6 Dodging


You had 7 spell levels left.
You didn't know any spells.
Your spell library contained the following spells:

 Spells                   Type           Power      Damage    Failure   Level
 Dazzling Flash           Conj/Hex       0%         N/A       91%         3
 Agony                    Necr           0%         N/A       100%        5
 Silence                  Hex/Air        0%         N/A       100%        5


Dungeon Overview and Level Annotations

Branches:
Dungeon (3/15)

Altars:

Annotations:
D:3 Ijyb


Innate Abilities, Weirdness & Mutations

You cannot be hasted, slowed, berserked, paralysed or teleported.
You can dig through walls and to a lower floor.
You have a pair of large antennae on your head. (SInv)
Your four strong arms can wield two-handed weapons with a shield.


Message History

The kobold brigand is severely wounded.
The kobold brigand hits you with a +0 short sword.
You sock the kobold brigand!
You kill the kobold brigand!
The centaur shoots an arrow.
The arrow hits you!
You have reached level 8!
You feel stronger.
The centaur unwields a +0 shortbow.
The centaur wields a +0 flail.
The centaur closely misses you.
The centaur kicks you but does no damage.
The centaur hits you with a +0 flail!
The centaur kicks you but does no damage.
Items here: (( ))) ††.
You sock the centaur!
The centaur is heavily wounded.
The centaur closely misses you. The centaur completely misses you.
You hit the centaur but do no damage.
The centaur is heavily wounded.
The centaur hits you with a +0 flail. The centaur kicks you.
A kobold comes into view. It is wielding a +0 short sword.
The centaur barely misses you. The centaur closely misses you.
The kobold shouts!
You hit the centaur but do no damage.
The centaur is heavily wounded.
The centaur hits you with a +0 flail.
* * * LOW HITPOINT WARNING * * *
The centaur kicks you.
* * * LOW HITPOINT WARNING * * *
The kobold brigand hits you with a +0 whip.
* * * LOW HITPOINT WARNING * * *
A kobold comes into view. It is wielding a +0 club.
Unknown command.
The centaur unwields a +0 flail.
The centaur wields a +0 shortbow.
The centaur shoots an arrow.
The arrow hits you!
* * * LOW HITPOINT WARNING * * *
The kobold brigand throws a curare-tipped dart.
The curare-tipped dart hits you.
You are poisoned.
You have difficulty breathing.
You die...

####...####
#≈≈≈≈≈≈≈≈# ..≈
###.).##### ≈≈.
##)###..#######
.≈≈≈
#............#..≈:≈
########..##.#.≈≈≈.
##.......≈.≈
#####K...?.....
#..@)c.$)K.....
#.####....K.... ..
#.......#. ...
#.###..... .## ...
.##.. .... # .
####. .


You could see a kobold brigand, a centaur and 2 kobolds.

Vanquished Creatures
  Grinder (D:3)
  Sigmund (D:3)
  A centaur (D:9)
  A kobold brigand (D:9)
  2 wights (D:9)
  Jessica (D:3)
  Robin (D:2)
  An adder (D:2)
  2 dart slugs
  3 orcs (D:3)
  6 ball pythons
  6 endoplasms
  3 giant cockroaches
  16 goblins
  7 hobgoblins
  6 kobolds
  A quokka (D:3)
  5 bats (D:1)
  A frilled lizard (D:1)
  6 rats
71 creatures vanquished.

Notes
Turn   | Place    | Note
-------+----------+-------------------------------------------
     0 | D:1      | browni3141 the Formicid Gladiator began the quest for the
                  | Orb.
     0 | D:1      | Reached XP level 1. HP: 16/16 MP: 1/1
   135 | D:1      | Reached XP level 2. HP: 19/22 MP: 2/2
   475 | D:1      | Reached skill level 4 in Maces & Flails
   475 | D:1      | Reached XP level 3. HP: 26/27 MP: 3/3
  1208 | D:2      | Noticed Robin
  1222 | D:2      | Killed Robin
  1223 | D:2      | Reached XP level 4. HP: 26/33 MP: 4/4
  1468 | D:2      | Reached skill level 5 in Maces & Flails
  2063 | D:3      | Noticed Sigmund
  2318 | D:3      | Noticed Grinder
  2348 | D:3      | Killed Grinder
  2349 | D:3      | Reached skill level 6 in Maces & Flails
  2349 | D:3      | Reached XP level 5. HP: 5/38 MP: 5/5
  2349 | D:3      | Reached XP level 6. HP: 6/44 MP: 6/6
  2762 | D:3      | Killed Sigmund
  2763 | D:3      | Reached skill level 7 in Maces & Flails
  2763 | D:3      | Reached XP level 7. HP: 43/50 MP: 7/7
  2835 | D:3      | Noticed Jessica
  2838 | D:3      | Killed Jessica
  2849 | D:3      | Noticed Ijyb
  2855 | D:3      | You fall into a shaft and drop 3 floors!
  2855 | D:6      | Noticed a yak
  2860 | D:6      | Noticed a wyvern
  2868 | D:6      | You fall into a shaft and drop 3 floors!
  2886 | D:9      | Reached skill level 8 in Maces & Flails
  3220 | D:9      | Reached XP level 8. HP: 32/56 MP: 8/8
  3224 | D:9      | Asphyxiated

Illustrated notes

Levels and vault maps discovered:
D:1:      dpeg_arrival_court, layout_basic, chequers_arboretum
D:2:      minmay_evil_eye, layout_loops_ring, uniq_robin
D:3:      layout_loops_ring, uniq_jessica, uniq_ijyb, uniq_sigmund, uniq_grinder
D:6:      layout_gridville, serial_shops, shop_coins, minmay_bent
D:9:      layout_rooms, mainiacjoe_overflow_small_starburst, serial_rivers,
          chequers_serial_rivers_large_a, chequers_serial_rivers_micro_a,
          chequers_serial_rivers_marsh, chequers_serial_rivers_micro_e,
          chequers_serial_rivers_micro_a, chequers_serial_rivers_large_b,
          grunt_ministairs_8

Skill      XL: |  1  2  3  4  5  6  7 |
---------------+----------------------+-----
Maces & Flails | 4 6 7 8 |  8.8
Fighting       | |  2.1
Throwing       | |  2.0
Dodging        | |  2.6

Action                   |  1- 3 |  4- 6 |  7- 9 || total
-------------------------+-------+-------+-------++-------
Melee: Flail             |   105 |    58 |    33 ||   196
 Fire: Hunting sling     |       |    15 |       ||    15
Throw: Throwing net      |       |     1 |       ||     1
 Abil: Dig               |       |     1 |       ||     1
       Shaft Self        |       |       |     1 ||     1
 Stab: Held in net/web   |       |     1 |       ||     1
Armor: Ring mail         |    47 |    25 |     9 ||    81
       Leather armour    |     1 |       |       ||     1
Dodge: Dodged            |    84 |    31 |    37 ||   152

Table legend: (Time is in decaauts)
 A = Elapsed time spent in this place.
 B = Non-inter-level travel time spent in this place.
 C = Inter-level travel time spent in this place.
 D = Time resting spent in this place.
 E = Time spent auto-exploring this place.
 F = Levels seen in this place.
 G = Mean time per level.
                   A        B        C        D        E       F      G
               +--------+--------+--------+--------+--------+-----+--------+
         Total |   3253 |   3155 |     98 |    455 |   2074 |   5 |  650.6 |
       Dungeon |   3253 |   3155 |     98 |    455 |   2074 |   5 |  650.6 |
               +--------+--------+--------+--------+--------+-----+--------+

Top non-repeatable levels by time:
     D:2: 1111 daAuts
     D:1: 995 daAuts
     D:3: 777 daAuts
     D:9: 356 daAuts
     D:6: 12 daAuts
